 Dungeon Crawl Stone Soup version 0.29.0-3-gbb0933ed62 (webtiles) character file.

Game seed: 9996625979587354699

77 HoaS the Shooter (level 4, -7/26 HPs)
             Began as a Kobold Hunter on Aug 25, 2022.
             Mangled by a river rat (8 damage)
             ... in a sewer.
             The game lasted 00:03:48 (957 turns).

HoaS the Shooter (Kobold Hunter)                     Turns: 957, Time: 00:03:48

Health: -7/26      AC:  3    Str:  8    XL:     4   Next: 58%
Magic:  0/4        EV: 14    Int: 10    God:
Gold:   103        SH:  0    Dex: 20    Spells: 3/3 levels left

rFire   . . .      SeeInvis .   a - +0 shortbow
rCold   . . .      Faith    .   (shield currently unavailable)
rNeg    . . .      Spirit   +   c - +0 leather armour
rPois   .          Reflect  .   (no helmet)
rElec   .          Harm     .   (no cloak)
rCorr   .          Rampage  .   (no gloves)
Will    .....                   (no boots)
Stlth   +++.......              d - amulet of guardian spirit
HPRegen 0.08/turn               (no ring)
MPRegen 0.09/turn               (no ring)

@: no status effects
A: small, no large weapons, nightstalker 3
a: no special abilities


You were in a sewer.
You visited 1 branch of the dungeon, and saw 3 of its levels.
You also visited: Sewer.

You collected 103 gold pieces.

Inventory:

Hand Weapons
 a - a +0 shortbow (weapon)
Armour
 c - a +0 leather armour (worn)
Jewellery
 d - an amulet of guardian spirit (around neck)
Wands
 g - a wand of charming (10)
Scrolls
 b - 3 scrolls of immolation
Potions
 e - 2 potions of degeneration {unknown}
 f - a potion of curing {unknown}


   Skills:
 - Level 2.1 Fighting
 + Level 7.5 Ranged Weapons
 - Level 2.4 Dodging
 - Level 1.3 Stealth


You had 3 spell levels left.
You didn't know any spells.
Your spell library was empty.

Dungeon Overview and Level Annotations

Branches:
Dungeon (3/15)              Sewer (1/1)

Altars:

Annotations:
D:2 Terence


Innate Abilities, Weirdness & Mutations

You are small and have problems with some larger weapons.
You are completely attuned to the shadows.


Message History

You shoot an arrow. The arrow hits the rat.
You kill the rat!
A river rat comes into view.
Fire: a) +0 shortbow
Press: ? - help, Q - select action, (/) - cycle Shift-Dir - straight line, f - river rat
Aim: a river rat (63% to hit)
You shoot an arrow. The arrow hits the river rat.
The river rat is moderately wounded.
A river rat comes into view.
Fire: a) +0 shortbow
Press: ? - help, Q - select action, (/) - cycle Shift-Dir - straight line, f/p - river rat
Aim: a river rat (moderately wounded, 63% to hit)
You shoot an arrow. The arrow hits the river rat.
The river rat is severely wounded.
A rat comes into view.
Fire: a) +0 shortbow
Press: ? - help, Q - select action, (/) - cycle Shift-Dir - straight line, f/p - river rat
Aim: a river rat (severely wounded, 63% to hit)
You shoot an arrow. The arrow closely misses the river rat.
The arrow hits the river rat.
The river rat is lightly wounded.
A rat comes into view.
The river rat closely misses you.
Fire: a) +0 shortbow
Press: ? - help, Q - select action, (/) - cycle Shift-Dir - straight line, f/p - river rat
Aim: a river rat (severely wounded, 63% to hit)
You shoot an arrow. The arrow hits the river rat.
The river rat is severely wounded.
The river rat barely misses you. The river rat bites you. x2
The river rat bites you!
* * * LOW HITPOINT WARNING * * *
A rat comes into view.
Fire: a) +0 shortbow
Press: ? - help, Q - select action, (/) - cycle Shift-Dir - straight line, f/p - river rat
Aim: a river rat (severely wounded, 63% to hit)
You shoot an arrow. The arrow barely misses the river rat.
The arrow hits the river rat!
The river rat is almost dead.
The river rat barely misses you. The river rat bites you!
You die... ######### ..rr@rrrr #########

You could see 3 river rats and 3 rats.

Vanquished Creatures
  2 adders (D:3)
  2 worms (D:3)
  3 dart slugs
  2 bats
  2 endoplasms
  4 giant cockroaches
  2 goblins
  3 hobgoblins (D:1)
  2 jackals (D:3)
  3 kobolds
  A quokka (D:1)
  7 ball pythons
  6 frilled lizards
  8 rats
47 creatures vanquished.

Vanquished Creatures (collateral kills)
  A rat (D:3)
1 creature vanquished.

Vanquished Creatures (others)
  3 adders (D:3)
3 creatures vanquished.

Grand Total: 51 creatures vanquished

Notes
Turn   | Place    | Note
-------+----------+-------------------------------------------
     0 | D:1      | HoaS the Kobold Hunter began the quest for the Orb.
     0 | D:1      | Reached XP level 1. HP: 12/12 MP: 1/1
    68 | D:1      | Reached XP level 2. HP: 17/17 MP: 2/2
   151 | D:1      | Reached skill level 6 in Ranged Weapons
   418 | D:1      | Found a faded altar of an unknown god.
   446 | D:1      | Reached XP level 3. HP: 21/21 MP: 3/3
   773 | D:2      | Noticed Terence
   818 | D:3      | Reached skill level 7 in Ranged Weapons
   837 | D:3      | Reached XP level 4. HP: 24/26 MP: 4/4
   945 | D:3      | Found a glowing drain.
   951 | Sewer    | Entered a sewer
   956 | Sewer    | HP: 1/26 [river rat (6)]
   957 | Sewer    | Mangled by a river rat

Illustrated notes

Levels and vault maps discovered:
D:1:      tarquinn_simple_flora_water_e, layout_basic,
          shapermc_ecumenical_altar_starsandcircs, minmay_tetromino_i4
D:2:      layout_basic, minmay_tiny_reverse_x, uniq_terence, uniq_natasha
D:3:      layout_loops_ring, makhleb_altar_promises_db, serial_shops, shop,
          lightli_sewer_entry_pipes
Sewer:    sewer_kobolds

Skill      XL: |  1  2  3 |
---------------+----------+-----
Ranged Weapons | 6 7 |  7.5
Fighting       | |  2.1
Dodging        | |  2.4
Stealth        | |  1.3

Action                   |  1- 3 |  4- 6 || total
-------------------------+-------+-------++-------
 Fire: Shortbow          |    90 |    26 ||   116
Evoke: Wand              |       |     3 ||     3
  Use: Scroll            |     5 |       ||     5
Armor: Leather armour    |     9 |     3 ||    12
Dodge: Dodged            |    35 |    14 ||    49
